 Dungeon Crawl Stone Soup version 0.21.1-1-g345015f (webtiles) character file.

105 glosham the Chopper (level 4, 0/31 HPs)
             Began as an Octopode Berserker on Apr 7, 2018.
             Was a Follower of Trog.
             Slain by an orc wizard
             ... wielding a +0 dagger
              (2 damage)
             ... on level 3 of the Dungeon.
             The game lasted 00:05:55 (487 turns).

glosham the Chopper (Octopode Berserker)             Turns: 487, Time: 00:05:56

Health: 0/31       AC:  1    Str: 17    XL:     4   Next: 83%
Magic:  4/4        EV: 14    Int:  9    God:    Trog [*.....]
Gold:   44         SH:  0    Dex: 11    Spells: 3/3 levels left

rFire    . . .     SeeInvis .   a - +0 hand axe
rCold    . . .     Gourm    .   (no shield)
rNeg     . . .     Faith    .   (helmet restricted)
rPois    .         Spirit   .   (no amulet)
rElec    .         Reflect  .   (no ring)
rCorr    .         Harm     .   (no ring)
MR       .....                  (no ring)
Stlth    ++........             (no ring)
HPRegen  0.10/turn              (no ring)
MPRegen  0.09/turn              (no ring)
                                (no ring)
                                (no ring)

@: berserk cooldown, slowed, very slow
A: almost no armour, stealthy swim, amphibious, 8 rings, constrict 8, tentacle
spike 1, camouflage 1, gelatinous body 1, MP-powered wands
a: Berserk, Burn Spellbooks, Renounce Religion


You were on level 3 of the Dungeon.
You worshipped Trog.
Trog was aware of your devotion.
You were hungry.

You visited 1 branch of the dungeon, and saw 3 of its levels.

You collected 44 gold pieces.

Inventory:

Hand Weapons
 a - a +0 hand axe (weapon)
Missiles
 d - 19 poisoned needles
Potions
 e - a potion of berserk rage {unknown}
Comestibles
 b - 3 rations
 c - 2 chunks of flesh


   Skills:
 - Level 3.0 Fighting
 * Level 5.4 Axes
 - Level 3.0 Dodging


You had 3 spell levels left.
You didn't know any spells.

Dungeon Overview and Level Annotations

Branches:
Dungeon (3/15)

Altars:
Sif Muna


Innate Abilities, Weirdness & Mutations

You cannot wear most types of armour.
You are very stealthy in the water. (Stealth+)
You are amphibious.
You can wear up to eight rings at the same time.
You can use your tentacles to constrict eight enemies at once.
Your skin changes colour to match your surroundings (Stealth+).
Your rubbery body absorbs attacks. (AC +1, EV +1)
One of your tentacles bears a spike.
You expend magic power (3 MP) to strengthen your wands.


Message History

* * * LOW HITPOINT WARNING * * *
The orc wizard mumbles some strange words.
The orc wizard blinks!
You feel a strong urge to attack something.
You feel your anger nearly subside.
The orc wizard gestures wildly while chanting.
The orc wizard seems to speed up.
There is an open door here.
You are no longer berserk.
You are exhausted.
You feel as though you will be slow longer.
The orc wizard hits you with a dagger.
* * * LOW HITPOINT WARNING * * *
You hit the orc wizard but do no damage.
You grab the orc wizard.
You pierce the orc wizard, but do no damage.
You constrict the orc wizard, but do no damage.
The orc wizard closely misses you. The orc wizard barely misses you.
The orc wizard hits you but does no damage.
You slash the orc wizard!
You pierce the orc wizard, but do no damage.
The orc wizard is heavily wounded.
You constrict the orc wizard.
The orc wizard mumbles some strange words.
The orc wizard blinks free!
Some of the chunks of flesh in your inventory have rotted away.
The orc wizard casts a spell at you. You resist with some effort.
The orc wizard gestures at you while chanting.
You resist with some effort.
The orc wizard gestures wildly while chanting.
The orc wizard blinks!
The orc wizard points at you and mumbles some strange words.
You feel as though you will be slow longer.
The orc wizard hits you with a dagger.
* * * LOW HITPOINT WARNING * * *
You hit the orc wizard. Your grab misses the orc wizard.
The orc wizard is almost dead.
The orc wizard hits you with a dagger.
You die...

# #.# #.# #.#
#.###.###.######.#
####.....#..........#
#........#.#.########
#.######...#.# ## #.#
##.##.##### ..
#.######...##....#
#.##.#...#.._..####.#
#.......##.8@8.# #.#
#..#.#..####o### #.#
#..#.#..# #...# #.#
#..#.#..# #...#####.#
#.......###≈≈≈##..#.#
##.#.....##)>.###.#.####
#.####.#########.#....#
#......##.##.#.#.####.#
#..##..##.##.#.#.####.##


You could see an orc wizard.

Vanquished Creatures
  An orc wizard (D:3)
  Natasha (D:2)
  3 adders
  A worm (D:2)
  A dart slug (D:3)
  An orc (D:3)
  3 bats
  A giant cockroach (D:3)
  2 goblins (D:2)
  3 hobgoblins
  A kobold (D:1)
  3 rats (D:3)
21 creatures vanquished.

Notes
Turn   | Place    | Note
-------+----------+-------------------------------------------
     0 | D:1      | glosham the Octopode Berserker began the quest for the Orb.
     0 | D:1      | Reached XP level 1. HP: 16/16 MP: 1/1
    63 | D:2      | Reached XP level 2. HP: 15/21 MP: 2/2
    90 | D:2      | Reached skill level 4 in Axes
   157 | D:2      | Noticed Natasha
   161 | D:2      | Killed Natasha
   161 | D:2      | Reached XP level 3. HP: 15/26 MP: 3/3
   254 | D:3      | Reached XP level 4. HP: 25/31 MP: 4/4
   294 | D:3      | Gained mutation: You expend magic power (3 MP) to strengthen your wands. [potion of mutation]
   294 | D:3      | Gained mutation: One of your tentacles bears a spike. [potion of mutation]
   455 | D:3      | Found a deep blue altar of Sif Muna.
   463 | D:3      | Reached skill level 5 in Axes
   480 | D:3      | HP: 2/31 [orc wizard/dagger (5)]
   486 | D:3      | HP: 2/31 [orc wizard/dagger (1)]
   487 | D:3      | Slain by an orc wizard

Skill      XL: |  1  2  3  4 |
---------------+-------------+-----
Axes           | 4 5 |  5.4
Fighting       | |  3.0
Dodging        | |  3.0

Action                   |  1- 3 |  4- 6 || total
-------------------------+-------+-------++-------
Melee: Hand axe          |    24 |    21 ||    45
       Constrict         |     8 |     5 ||    13
       Tentacles         |     6 |     3 ||     9
       Kick              |       |     6 ||     6
Invok: Berserk           |     2 |     1 ||     3
  Use: Scroll            |       |     1 ||     1
       Potion            |       |     1 ||     1
 Stab: Sleeping          |     4 |     3 ||     7
  Eat: Chunk             |       |     1 ||     1
Armor: Skin              |     2 |     2 ||     4
Dodge: Dodged            |     9 |    19 ||    28

Table legend:
 A = Turns spent in this place as a percentage of turns spent in the entire game.
 B = Non-inter-level travel turns spent in this place as a percentage of non-inter-level travel turns spent in the entire game.
 C = Inter-level travel turns spent in this place as a percentage of turns spent in this place.
 D = Turns resting spent in this place as a percentage of non-inter-level travel turns spent in this place.
 E = Turns spent auto-exploring this place as a percentage of non-inter-level travel turns spent in this place.
 F = Non-inter-level travel turns spent in this place divided by the number of levels of this place that you've seen.
                   A       B       C       D       E      F
               +-------+-------+-------+-------+-------+----------------------
         Total | 100.0 | 100.0 |   0.0 |   0.0 |   0.0 | 162.3
       Dungeon | 100.0 | 100.0 |   0.0 |   0.0 |   0.0 | 162.3
               +-------+-------+-------+-------+-------+----------------------

Table legend:
 A = Kills in this place as a percentage of kills in entire the game.
 B = Kills by you in this place as a percentage of kills by you in the entire game.
 C = Kills by friends in this place as a percentage of kills by friends in the entire game.
 D = Other kills in this place as a percentage of other kills in the entire game.
 E = Experience gained in this place as a percentage of experience gained in the entire game.
 F = Experience gained in this place divided by the number of levels of this place that you have seen.
                   A       B       C       D       E      F
               +-------+-------+-------+-------+-------+----------------------
         Total | 100.0 | 100.0 |   N/A |   N/A | 100.0 |  50.3
       Dungeon | 100.0 | 100.0 |   N/A |   N/A | 100.0 |  50.3
               +-------+-------+-------+-------+-------+----------------------

Vault maps used:
D:1:      dpeg_arrival_shrine
D:2:      hangedman_decor_lopped, uniq_natasha
D:3:      led_sif_book, first_ration
